 Seeded DCSS version 0.30-a0-629-gd54f4be4f7 (webtiles) character file.

Game seed: 13946130151040531641 (custom seed)

12886 drewk1942 the Fighter (level 12, -6/86 HPs)
             Began as a Gargoyle Earth Elementalist on Jan 12, 2023.
             Was a Believer of Makhleb.
             Mangled by a death yak (19 damage)
             ... on level 3 of the Lair of Beasts.
             The game lasted 00:15:30 (9121 turns).

drewk1942 the Fighter (Gargoyle Earth Elementalist) Turns: 9121, Time: 00:15:30

Health: -6/86      AC: 13    Str: 14    XL:     12   Next: 0%
Magic:  21/21      EV: 17    Int: 21    God:    Makhleb [**....]
Gold:   639        SH:  0    Dex: 10    Spells: 22/23 levels left

rFire   + . .      SeeInvis .    f - +7 spear (spect)
rCold   . . .      Faith    .    (no shield)
rNeg    + . .      Spirit   .    a - +0 robe
rPois   ∞          Reflect  .    e - +1 helmet of Jigsaw {rElec rF+ Will+ Str+2}
rElec   +          Harm     .    (no cloak)
rCorr   .          Rampage  .    (no gloves)
Will    ++...                    t - +0 pair of boots
Stlth   ++                       (no amulet)
HPRegen 0.34/turn                c - +5 ring of evasion
MPRegen 0.17/turn                A - ring of willpower

@: no status effects
A: sickness immunity, AC +8, negative energy resistance 1, electricity
resistance, torment resistance 1, petrification resistance
a: Renounce Religion, Minor Destruction


You were on level 3 of the Lair of Beasts.
You worshipped Makhleb.
Makhleb was pleased with you.
You visited 4 branches of the dungeon, and saw 13 of its levels.

You collected 639 gold pieces.

Inventory:

Hand Weapons
 f - a +7 spectral spear (weapon)
 g - a +2 dagger of venom
Armour
 a - a +0 robe (worn)
 e - the +1 helmet of Jigsaw (worn) {rElec rF+ Will+ Str+2}
   (You acquired it on level 1 of the Dungeon)

   Str:       It affects your strength (+2).
   rF:        It protects you from fire.
   rElec:     It insulates you from electricity.
   Will:      It increases your willpower.
 t - a +0 pair of boots (worn)
 D - +0 swamp dragon scales
Magical Staves
 j - a staff of air
Jewellery
 c - a +5 ring of evasion (left hand)
 A - a ring of willpower (right hand)
 F - a ring of ice
 J - an amulet of faith
 K - a ring "Zudysh" {rF+ SInv}
   (You found it on level 8 of the Dungeon)

   [ring of protection from fire]

   rF:        It protects you from fire.
   SInv:      It lets you see invisible.
Wands
 v - a wand of charming (9)
 B - a wand of flame (13)
 L - a wand of roots (4)
Scrolls
 d - 6 scrolls of teleportation
 k - a scroll of noise {unknown}
 l - 2 scrolls of fog
 m - 2 scrolls of vulnerability
 p - a scroll of magic mapping
 q - 6 scrolls of identify
 r - a scroll of blinking {unknown}
 w - a scroll of torment {unknown}
 y - 4 scrolls of poison {unknown}
 M - 3 scrolls of amnesia {unknown}
 N - a scroll of fear
Potions
 b - 2 potions of magic
 h - 6 potions of curing
 i - 2 potions of cancellation {unknown}
 n - 5 potions of heal wounds {unknown}
 o - 5 potions of degeneration {unknown}
 s - a potion of berserk rage {unknown}
 u - 2 potions of attraction {unknown}
 x - a potion of ambrosia {unknown}
 z - 2 potions of lignification {unknown}
 C - a potion of brilliance {unknown}
 E - 4 potions of haste {unknown}
 G - a potion of invisibility {unknown}
 H - a potion of flight {unknown}
 I - 2 potions of mutation {unknown}


   Skills:
 + Level 14.9 Fighting
 + Level 9.9 Polearms
 - Level 1.8 Dodging
 - Level 2.5 Stealth
 - Level 6.2 Spellcasting
 - Level 5.4 Transmutations
 - Level 8.6 Earth Magic


You had 22 spell levels left.
You knew the following spells:

 Your Spells              Type           Power      Damage    Failure   Level
a - Sandblast             Erth           84%        2d18      1%          1

Your spell library contained the following spells:

 Spells                   Type           Power      Damage    Failure   Level
 Beastly Appendage        Tmut           58%        N/A       1%          1
 Passwall                 Tmut/Erth      30%        N/A       1%          2
 Wereblood                Tmut           29%        N/A       1%          2
 Stone Arrow              Conj/Erth      48%        3d10      4%          3
 Petrify                  Tmut/Erth      36%        N/A       5%          4
 Freeze                   Ice            24%        1d4       10%         1
 Kiss of Death            Conj/Necr      24%        2d7       10%         1
 Slow                     Hex            24%        N/A       10%         1
 Spider Form              Tmut/Pois      18%        N/A       10%         3
 Ignite Poison            Fire/Tmut/Pois 14%        N/A       14%         3
 Confusing Touch          Hex            6%         N/A       28%         3
 Frozen Ramparts          Ice            12%        1d2       28%         3
 Hailstorm                Conj/Ice       6%         3d4       28%         3
 Kindle Blastsparks       Fire/Tloc/Air  12%        2d11      28%         3
 Vampiric Draining        Necr           6%         2d6       28%         3
 Dispel Undead            Necr           6%         3d8       67%         4
 Summon Lightning Spire   Summ/Air       6%         N/A       67%         4
 Freezing Cloud           Conj/Ice/Air   3%         6-21      95%         5
 Storm Form               Tmut/Air       9%         N/A       100%        7
 Maxwell's Capacitive Co  Air            3%         ∞         100%        8


Dungeon Overview and Level Annotations

Branches:
Dungeon (8/15)             Temple (1/1) D:6            Lair (3/5) D:8
 Shoals (1/4) Lair:2        Snake (0/4) Lair:3

Altars:
Ashenzari
Cheibriados
Dithmenos
Elyvilon
Fedhas
Gozag
Hepliaklqana
Kikubaaqudgha
Makhleb
Nemelex Xobeh
Okawaru
Qazlal
Ru
Trog
Uskayaw
Vehumet
Wu Jian
Xom
Yredelemnul
Zin
The Shining One

Shops:
D:1 (


Innate Abilities, Weirdness & Mutations

You are immune to sickness and miasma.
Your stone body is resilient. (AC +8)
You are immune to poison.
You resist negative energy. (rN+)
You are resistant to electric shocks. (rElec)
You are resistant to unholy torment.
You are immune to petrification.


Message History

The death yak gores you!
You are too injured to fight recklessly!
You are too injured to fight recklessly!
You are too injured to fight recklessly!
You are too injured to fight recklessly!
You are too injured to fight recklessly!
You are too injured to fight recklessly!
You are too injured to fight recklessly!
You are too injured to fight recklessly!
You are too injured to fight recklessly!
You are too injured to fight recklessly!
You are too injured to fight recklessly!
You are too injured to fight recklessly!
You are too injured to fight recklessly!
You are too injured to fight recklessly!
You are too injured to fight recklessly!
You are too injured to fight recklessly!
You are too injured to fight recklessly!
You are too injured to fight recklessly!
You barely miss the death yak.
The death yak is heavily wounded.
Your +7 spectral spear hits the death yak.
The death yak gores your +7 spectral spear.
Your spectral weapon shares its damage with you!
You hit the death yak.
The death yak is severely wounded.
Your +7 spectral spear hits the death yak!
You hit the death yak but do no damage.
The death yak is severely wounded.
Your +7 spectral spear hits the death yak!
The death yak gores you!!
* * * LOW HITPOINT WARNING * * *
You hit the death yak but do no damage.
The death yak is almost dead.
Your +7 spectral spear hits the death yak but does no damage.
You hit the death yak but do no damage.
The death yak is almost dead.
Your +7 spectral spear hits the death yak.
The death yak gores you!!
You die...

.#..............#
#..
#........#####...#
#.. .........#
...# ##.
.#......## .## #.
..##....### .. #.
##...#.# .. ##
###....# #
#.#....###
#Y@......#
......(..........
.....#.........#..
.# ####
#..=..##...#. .P
#.#...# ..... ..
#.....# .###. ..
#...... ..
P.#...#. .#


You could see a death yak and a friendly +7 spectral spear (summoned).

Vanquished Creatures
  A hydra (Lair:2)
  2 death yaks (Lair:3)
  2 harpies (Lair:2)
  Joseph (D:8)
  A black mamba (Lair:1)
  Maggie (D:7)
  A cane toad (Lair:1)
  A rime drake (Lair:3)
  A merfolk (Shoals:1)
  Prince Ribbit (D:6)
  3 blink frogs (Lair:2)
  A snapping turtle (Shoals:1)
  4 wyverns
  4 yaks (Lair:2)
  2 basilisks
  A steam dragon (D:5)
  Menkaure (D:7)
  4 nagas (Lair:3)
  Duvessa (D:7)
  An acid dragon (D:8)
  8 water moccasins
  3 orc warriors
  4 ice beasts
  12 wolves
  2 centaurs
  4 ogres
  5 phantoms
  A kobold brigand (D:7)
  Blork the orc (D:6)
  7 bullfrogs
  5 scorpions
  Dowan (D:7)
  3 killer bees (D:8)
  2 orc priests (D:6)
  A gnoll bouda (D:5)
  4 jellies
  5 hounds
  Jessica (D:3)
  Ijyb (D:3)
  Terence (D:3)
  6 orc wizards
  4 iguanas
  7 gnolls
  6 adders
  2 shadow imps (D:7)
  An ufetubus (D:4)
  3 worms
  3 dart slugs
  28 orcs
  5 bats
  10 endoplasms
  3 giant cockroaches
  13 goblins
  4 hobgoblins
  10 ball pythons
  4 frilled lizards
  13 kobolds
  8 rats
235 creatures vanquished.

Vanquished Creatures (others)
  A plant (Lair:3)
1 creature vanquished.

Grand Total: 236 creatures vanquished

Notes
Turn   | Place    | Note
-------+----------+-------------------------------------------
     0 | D:1      | drewk1942 the Gargoyle Earth Elementalist began the quest
                  | for the Orb.
     0 | D:1      | Reached XP level 1. HP: 10/10 MP: 3/3
    45 | D:1      | Found a faded altar of an unknown god.
   316 | D:1      | Reached skill level 1 in Transmutations
   316 | D:1      | Reached XP level 2. HP: 15/15 MP: 3/5
  1135 | D:1      | Found Satoxzas's Antique Weapon Boutique.
  1157 | D:1      | Identified a scroll of acquirement
  1157 | D:1      | Acquired the +1 helmet of Jigsaw {rElec rF+ Will+ Str+2}
  1220 | D:2      | Reached XP level 3. HP: 19/19 MP: 4/6
  1274 | D:2      | Reached XP level 4. HP: 20/24 MP: 5/7
  1502 | D:2      | Reached skill level 1 in Fighting
  1595 | D:2      | Reached skill level 1 in Polearms
  1637 | D:2      | Reached XP level 5. HP: 29/29 MP: 9/9
  1697 | D:2      | Found a shadowy altar of Dithmenos.
  1872 | D:3      | Noticed Jessica
  1876 | D:3      | Killed Jessica
  2066 | D:3      | Noticed Ijyb
  2083 | D:3      | Killed Ijyb
  2128 | D:3      | Reached skill level 2 in Fighting
  2207 | D:3      | Noticed Terence
  2222 | D:3      | Killed Terence
  2223 | D:3      | Reached XP level 6. HP: 15/35 MP: 5/10
  2761 | D:4      | Identified the +2 leather armour "Pipty" {Rampage Will+}
  2852 | D:4      | Reached skill level 5 in Earth Magic
  2873 | D:4      | Reached XP level 7. HP: 34/40 MP: 10/12
  3392 | D:4      | Reached skill level 3 in Fighting
  3552 | D:5      | Entered Level 5 of the Dungeon
  3670 | D:5      | Reached XP level 8. HP: 45/47 MP: 14/14
  3727 | D:5      | Found a glowing silver altar of Zin.
  3744 | D:5      | Found a sacrificial altar of Ru.
  3788 | D:5      | Reached skill level 4 in Fighting
  4279 | D:5      | Found an iron altar of Okawaru.
  4291 | D:5      | Found a glowing golden altar of the Shining One.
  4335 | D:6      | Reached XP level 9. HP: 45/53 MP: 14/16
  4337 | D:6      | Reached skill level 5 in Fighting
  4337 | D:6      | Reached skill level 5 in Spellcasting
  4367 | D:6      | Found a staircase to the Ecumenical Temple.
  4393 | Temple   | Entered the Ecumenical Temple
  4452 | Temple   | Became a worshipper of Makhleb the Destroyer
  4500 | D:6      | Noticed Blork the orc
  4511 | D:6      | Reached skill level 6 in Fighting
  4517 | D:6      | Killed Blork the orc
  4620 | D:6      | Noticed Prince Ribbit
  4628 | D:6      | Killed Prince Ribbit
  4846 | D:6      | Reached skill level 5 in Polearms
  5074 | D:6      | Found a basalt altar of Yredelemnul.
  5173 | D:6      | Reached skill level 7 in Fighting
  5229 | D:6      | Found a broken altar of Ashenzari.
  5288 | D:7      | Noticed Dowan
  5289 | D:7      | Noticed Duvessa
  5295 | D:7      | Killed Duvessa
  5296 | D:7      | Reached skill level 5 in Transmutations
  5301 | D:7      | Killed Dowan
  5438 | D:7      | Noticed Maggie
  5449 | D:7      | Killed Maggie
  5450 | D:7      | Reached XP level 10. HP: 54/63 MP: 17/19
  5547 | D:7      | Found an ornate altar of the Wu Jian Council.
  5594 | D:7      | Noticed Menkaure
  5605 | D:7      | Killed Menkaure
  5605 | D:7      | Reached * piety under Makhleb
  5681 | D:7      | Reached skill level 8 in Fighting
  5722 | D:7      | Found a hazy altar of Hepliaklqana.
  6155 | D:8      | Noticed Joseph
  6166 | D:8      | Killed Joseph
  6167 | D:8      | Reached skill level 9 in Fighting
  6389 | D:8      | Found a sparkling altar of Nemelex Xobeh.
  6500 | D:8      | Identified the +8 battleaxe of the Vestibule of Hell {elec,
                  | Fragile Str+3 Int+2 Dex+3}
  6700 | D:8      | Found a staircase to the Lair.
  6747 | D:8      | Identified a ring "Zudysh" {rF+ SInv}
  6882 | Lair:1   | Entered Level 1 of the Lair of Beasts
  6983 | Lair:1   | Noticed a cane toad
  6987 | Lair:1   | Killed a cane toad
  7045 | Lair:1   | Reached skill level 10 in Fighting
  7226 | Lair:1   | Noticed a black mamba
  7235 | Lair:1   | Killed a black mamba
  7302 | Lair:1   | Reached skill level 11 in Fighting
  7355 | Lair:1   | Reached ** piety under Makhleb
  7361 | Lair:1   | Reached XP level 11. HP: 47/76 MP: 20/20
  7946 | Lair:2   | Reached skill level 12 in Fighting
  8167 | Lair:2   | Noticed an eight-headed hydra
  8174 | Lair:2   | Killed an eight-headed hydra
  8175 | Lair:2   | Reached skill level 13 in Fighting
  8382 | Lair:2   | Found a staircase to the Shoals.
  8382 | Lair:2   | Noticed a harpy
  8389 | Lair:2   | Killed a harpy
  8418 | Lair:2   | Noticed a harpy
  8422 | Lair:2   | Killed a harpy
  8423 | Lair:2   | Reached skill level 14 in Fighting
  8428 | Shoals:1 | Entered Level 1 of the Shoals
  9013 | Lair:3   | Found a staircase to the Snake Pit.
  9083 | Lair:3   | Noticed a death yak
  9089 | Lair:3   | Noticed a death yak
  9089 | Lair:3   | Noticed a death yak
  9101 | Lair:3   | Killed a death yak
  9109 | Lair:3   | Killed a death yak
  9110 | Lair:3   | Reached XP level 12. HP: 51/86 MP: 21/21
  9121 | Lair:3   | Mangled by a death yak

Illustrated notes

Levels and vault maps discovered:
D:1:      giann_wishing_wells, layout_loops_corners, serial_shops,
          nicolae_shop_hallway_plus, dreamdust_ecumenical_altar_statues
D:2:      minmay_chambers_of_ones, layout_basic, basic_altar, wad_orctagon
D:3:      layout_loops_ring, reono_crystal_passage, roderic_serpentine_path,
          lightli_corner_chamber, uniq_terence, uniq_jessica, uniq_ijyb
D:4:      kb_forest_paths, layout_loops_ring, serial_rivers,
          chequers_serial_rivers_small_b, chequers_serial_rivers_micro_d,
          chequers_serial_rivers_micro_a, chequers_serial_rivers_micro_d,
          chequers_serial_rivers_micro_a
D:5:      layout_gridville, nicolae_overflow_quartered_altars,
          minmay_manual_mess
D:6:      layout_loops_ring, marbit_many_paths, mainiacjoe_overflow_alcove_2,
          minmay_temple_entry_waves, serial_glass, glass_columns_b,
          glass_columns_c, minmay_misc_feat_tiny, minmay_increasing_density,
          uniq_blork_the_orc, uniq_prince_ribbit1
D:7:      layout_basic, nicolae_overflow_crystal_walls,
          mainiacjoe_overflow_24_doors, uniq_duvessa, uniq_menkaure, uniq_maggie
D:8:      layout_basic, nemelex_xobeh_ov_fountains_minmay, lair_entry_dummy,
          uniq_joseph
Temple:   nicolae_temple_ecumenical_triangle
Lair:1:   layout_cave_pods, pdpol_lair_neglected_garden
Lair:2:   layout_cave_pods, nicolae_shoals_entry_roost
Lair:3:   wander_river, layout_loops_ring, minmay_snake_entry_guardpost_small,
          ebering_ghost_inner_flame, gauntlet_entry_generic
Shoals:1: layout_shoals, serial_shops, nicolae_shop_overgrown_old_shop,
          yaktaur_hedge

Skill      XL: |  1  2  3  4  5  6  7  8  9 10 11 |
---------------+----------------------------------+-----
Transmutations | 1 2 3 4 5 |  5.4
Earth Magic    | 4 5 7 8 |  8.6
Fighting       | 1 2 3 4 7 11 14 | 14.9
Polearms       | 1 2 3 4 5 7 9 |  9.9
Spellcasting   | 3 4 6 |  6.2
Dodging        | |  1.8
Stealth        | |  2.5

Action                   |  1- 3 |  4- 6 |  7- 9 | 10-12 || total
-------------------------+-------+-------+-------+-------++-------
Melee: Unarmed           |     1 |       |       |       ||     1
       Spear             |    18 |    88 |   175 |   295 ||   576
       Punch             |       |       |     2 |     1 ||     3
 Cast: Sandblast         |    25 |     9 |     9 |       ||    43
Evoke: Wand              |       |       |       |     2 ||     2
  Use: Scroll            |     2 |       |       |    10 ||    12
 Stab: Sleeping          |       |     7 |     8 |     7 ||    22
       Distracted        |       |       |     3 |     8 ||    11
Armor: Robe              |     1 |    11 |    28 |    45 ||    85
Dodge: Dodged            |    18 |    37 |    93 |   138 ||   286

Table legend: (Time is in decaauts)
 A = Elapsed time spent in this place.
 B = Non-inter-level travel time spent in this place.
 C = Inter-level travel time spent in this place.
 D = Time resting spent in this place.
 E = Time spent auto-exploring this place.
 F = Levels seen in this place.
 G = Mean time per level.
                   A        B        C        D        E       F      G
               +--------+--------+--------+--------+--------+-----+--------+
         Total |   9049 |   8612 |    437 |    633 |   6678 |  13 |  696.1 |
       Dungeon |   6810 |   6421 |    389 |    423 |   5029 |   8 |  851.2 |
        Temple |     64 |     59 |      5 |      0 |     32 |   1 |   64.0 |
          Lair |   2151 |   2109 |     42 |    210 |   1617 |   3 |  717.0 |
        Shoals |     21 |     21 |      0 |      0 |      0 |   1 |   21.0 |
               +--------+--------+--------+--------+--------+-----+--------+

Top non-repeatable levels by time:
     D:1: 1228 daAuts
  Lair:2: 1097 daAuts
     D:3: 920 daAuts
  Lair:1: 910 daAuts
     D:6: 880 daAuts
     D:4: 837 daAuts
     D:8: 801 daAuts
     D:5: 776 daAuts
     D:7: 776 daAuts
     D:2: 589 daAuts
  Lair:3: 143 daAuts
  Temple: 64 daAuts
Shoals:1: 21 daAuts
